 Dungeon Crawl Stone Soup version 0.21.1-1-g345015f (webtiles) character file.

22346 wojtek the Cleaver (level 12, -1/95 HPs)
             Began as a Minotaur Fighter on July 21, 2018.
             Was an Elder of Makhleb.
             Slain by an eight-headed hydra (3 damage)
             ... on level 12 of the Dungeon.
             The game lasted 00:24:53 (15599 turns).

wojtek the Cleaver (Minotaur Fighter)              Turns: 15599, Time: 00:24:54

Health: -1/95      AC: 16    Str: 29    XL:     12   Next: 62%
Magic:  18/18      EV:  9    Int:  5    God:    Makhleb [****..]
Gold:   726        SH: 12    Dex:  9    Spells: 11/11 levels left

rFire    + + .     SeeInvis .   a - +0 war axe
rCold    . . .     Gourm    .   c - +0 shield
rNeg     . . .     Faith    .   Y - +0 plate armour
rPois    .         Spirit   .   (helmet restricted)
rElec    .         Reflect  .   (no cloak)
rCorr    +         Harm     .   R - +0 pair of gloves
MR       .....                  b - +0 pair of boots
Stlth    ..........             (no amulet)
HPRegen  0.25/turn              j - ring of protection from fire
MPRegen  0.16/turn              N - ring of Rulay {rCorr rF+}

@: about to teleport, slowed, drained, very slow
A: retaliatory headbutt, horns 2, frail 1, strong 1, subdued magic 1
a: Minor Destruction, Lesser Servant of Makhleb, Major Destruction, Renounce
Religion


You were on level 12 of the Dungeon.
You worshipped Makhleb.
Makhleb was greatly pleased with you.
You were not hungry.

You visited 2 branches of the dungeon, and saw 13 of its levels.

You collected 759 gold pieces.
You spent 33 gold pieces at shops.

Inventory:

Hand Weapons
 a - a +0 war axe (weapon)
 n - a +2 dagger of distortion
 C - the +3 dagger of Painful Death {freeze, rElec rC+, unknown}
   (You found it on level 5 of the Dungeon)

   It has been specially enchanted to freeze those struck by it, causing extra
   injury to most foes and up to half again as much damage against particularly
   susceptible opponents.
   It can also slow down cold-blooded creatures.
   It protects you from cold.
   It insulates you from electricity.
 F - a +0 whip of distortion
Missiles
 h - 9 large rocks
 B - 2 throwing nets (quivered)
Armour
 b - a +0 pair of boots (worn)
 c - a +0 shield (worn)
 E - the cursed +1 ring mail of Valour {+Blink MR+++ Int-4 Dex+2}
   (You found it on level 6 of the Dungeon)

   It affects your intelligence (-4).
   It affects your dexterity (+2).
   It affects your resistance to hostile enchantments.
   It lets you blink.
   It has a curse placed upon it.
 R - a +0 pair of gloves (worn)
 Y - a +0 plate armour (worn)
Jewellery
 j - a ring of protection from fire (left hand)
 N - the ring of Rulay (right hand) {rCorr rF+}
   (You found it on level 8 of the Dungeon)

   [ring of resist corrosion]

   It protects you from fire.
Wands
 u - a wand of digging (36)
 w - a wand of flame (53)
 H - a wand of paralysis (38)
 K - a wand of iceblast (11)
 M - a wand of enslavement (12)
 U - a wand of polymorph (20)
 W - a wand of clouds (5)
 X - a wand of acid (7)
Scrolls
 e - 4 scrolls of blinking {unknown}
 k - 5 scrolls of teleportation
 l - 9 scrolls of remove curse
 m - 2 scrolls of amnesia {unknown}
 o - a scroll of holy word {unknown}
 p - 5 scrolls of fear {unknown}
 r - 11 scrolls of identify
 x - a scroll of noise {unknown}
 y - 3 scrolls of magic mapping {unknown}
 G - 3 scrolls of fog {unknown}
 J - 2 scrolls of immolation {unknown}
 Q - 2 scrolls of enchant armour {unknown}
 T - a scroll of vulnerability {unknown}
 V - a scroll of enchant weapon {unknown}
Potions
 d - 3 potions of might
 g - 3 potions of mutation
 i - 3 potions of curing
 q - 2 potions of magic {unknown}
 s - 3 potions of flight {unknown}
 t - 3 potions of heal wounds {unknown}
 v - 3 potions of berserk rage {unknown}
 z - a potion of resistance {unknown}
 A - a potion of degeneration {unknown}
 D - 3 potions of brilliance {unknown}
 O - 2 potions of agility {unknown}
 P - a potion of lignification {unknown}
 S - 2 potions of haste {unknown}
Books
 I - a book of Power

   Spells                             Type                      Level
   a - Iskenderun's Battlesphere      Conjuration/Charms           5
   b - Venom Bolt                     Conjuration/Poison           5
   c - Bolt of Magma                  Conjuration/Fire/Earth       5
   d - Iron Shot                      Conjuration/Earth            6
   e - Orb of Destruction             Conjuration                  7
   f - Spellforged Servitor           Conjuration/Summoning        7
 L - Axeyghehie's Compendium of Cankerous Necromancy
   (You found it on level 8 of the Dungeon)

   Spells                             Type                      Level
   a - Animate Skeleton               Necromancy                   1
   b - Regeneration                   Charms/Necromancy            3
   c - Mephitic Cloud                 Conjuration/Poison/Air       3
   d - Animate Dead                   Necromancy                   4
Comestibles
 f - 29 rations
 Z - 17 chunks of flesh


   Skills:
 + Level 9.7(8.5) Fighting
 + Level 11.3(10.0) Axes
 + Level 9.7(8.5) Armour
 + Level 8.2(7.1) Dodging
 + Level 9.6(8.4) Shields
 * Level 10.1(8.8) Invocations
 + Level 6.2(5.1) Evocations


You had 11 spell levels left.
You didn't know any spells.

Dungeon Overview and Level Annotations

Branches:
Dungeon (12/15)            Temple (1/1) D:4            Lair (0/6) D:11
    Orc (0/2) D:11

Altars:
Ashenzari
Cheibriados
Dithmenos
Elyvilon
Fedhas
Gozag
Hepliaklqana
Kikubaaqudgha
Makhleb
Nemelex Xobeh
Okawaru
Qazlal
Ru
Sif Muna
Trog
Uskayaw
Vehumet
Wu Jian
Xom
Yredelemnul
Zin
The Shining One

Shops:
D:4 *[*[   D:6 %%(   D:10 [   D:12 *

Annotations:
D:6 2 transporters - relec
D:8 need flight
D:11 relec, flight?, 1 transporter
D:12 Josephine


Innate Abilities, Weirdness & Mutations

You reflexively headbutt those who attack you in melee.
You have a pair of horns on your head.
You are frail. (-10% HP)
Your muscles are strong. (Str +2)
Your spells are a little easier to cast, but a little less powerful.


Message History

The tengu warrior claws your hellwing.
The black bear goes berserk!
The eight-headed hydra bites you.
* * * LOW HITPOINT WARNING * * *
The eight-headed hydra barely misses you.
You block the eight-headed hydra's attack. x2
The eight-headed hydra bites you but does no damage. x2
The eight-headed hydra barely misses you.
The eight-headed hydra bites you but does no damage.
Josephine hits your hellwing but does no damage.
The wraith hits your hellwing but does no damage.
The tengu warrior blocks your hellwing's attack. x2
It was a potion of mutation.
You feel extremely strange.
Your connection to magic feels subdued.
You feel frail.
You feel stronger. The eight-headed hydra bites you!
* * * LOW HITPOINT WARNING * * *
The eight-headed hydra bites you but does no damage.
You block the eight-headed hydra's attack.
The eight-headed hydra barely misses you.
The eight-headed hydra bites you.
You die...

####.......#####....#
....................#
....................#
....................#
....................####
.......................#
.......................#
..#'#.............W....#
..'∩+ ####......@4@W...#
..#+# #..#####DQW...#
....# .. #hW....# ..###
#WQ....# ### #......# #
#......# # .......# #
.......# # ........#


You could see an eight-headed hydra, Josephine, 2 tengu warriors, 5 wraiths, a
black bear (berserk) and a friendly hellwing.

Vanquished Creatures
  A centaur warrior (D:9)
  5 two-headed ogres
  The ghost of Ymberto the Fighter, a novice HuHu of Okawaru (D:7)
  4 skeletal warriors
  Pikel (D:7)
  2 manticores
  2 cyclopes
  The ghost of wojtek the Chopper, a novice MiFi of Makhleb (D:6)
  Joseph (D:7)
  A gargoyle (D:12)
  Psyche (D:12)
  The ghost of Rwicked the Digger, a novice GrEE of Vehumet (D:5)
  4 trolls
  5 hippogriffs
  Sigmund (D:4)
  2 humans (D:9)
  A wyvern (D:8)
  A hungry ghost (D:9)
  12 yaks
  4 vampire mosquitoes
  The ghost of Labyrinth the Ducker, an amateur MfTm of Sif Muna (D:4)
  Edmund (D:6)
  2 black bears
  An ice beast (D:10)
  3 slaves (D:6)
  A sky beast (D:10)
  2 eyes of draining (D:10)
  A necrophage (D:7)
  6 orc warriors
  3 phantoms
  4 ogres
  7 centaurs
  5 wolves
  A big kobold (D:9)
  A gnoll sergeant (D:10)
  12 bullfrogs
  A wyvern skeleton (D:10)
  7 scorpions
  2 water moccasin skeletons
  9 killer bees
  8 wights
  4 howler monkeys
  7 electric eels
  5 crimson imps
  4 centaur zombies
  8 orc wizards
  9 hounds
  5 jellies
  4 centaur skeletons
  A gnoll shaman (D:4)
  4 orc priests
  2 bullfrog skeletons
  5 iguanas
  Ijyb (D:4)
  7 worker ants
  A hound zombie (D:6)
  2 worker ant zombies
  12 gnolls
  A howler monkey skeleton (D:4)
  14 adders
  3 shadow imps
  2 oozes
  3 adder zombies
  An adder skeleton (D:10)
  5 worms
  2 dart slugs
  7 leopard geckos
  56 orcs
  2 ball pythons
  7 giant cockroaches
  5 goblins
  8 hobgoblins
  6 jackals
  6 quokkas
  10 bats
  4 frilled lizards
  2 gnoll zombies (D:9)
  5 kobolds
  A quokka skeleton (D:5)
  A quokka zombie (D:5)
  8 rats
369 creatures vanquished.

Vanquished Creatures (collateral kills)
  A shadow imp (D:11)
1 creature vanquished.

Grand Total: 370 creatures vanquished

Notes
Turn   | Place    | Note
-------+----------+-------------------------------------------
     0 | D:1      | wojtek the Minotaur Fighter began the quest for the Orb.
     0 | D:1      | Reached XP level 1. HP: 19/19 MP: 0/0
     6 | D:1      | Noticed a black mamba
     6 | D:1      | Noticed a worker ant
     6 | D:1      | Noticed a swamp drake
     6 | D:1      | Noticed a black bear
    62 | D:1      | Reached skill level 3 in Axes
   179 | D:1      | Reached XP level 2. HP: 26/26 MP: 1/1
   402 | D:1      | Reached skill level 4 in Axes
   744 | D:2      | Found a bloodstained altar of Trog.
   772 | D:1      | Reached XP level 3. HP: 11/31 MP: 2/2
   980 | D:2      | Reached skill level 5 in Axes
   980 | D:2      | Reached XP level 4. HP: 15/39 MP: 3/3
  1172 | D:2      | Found an opulent altar of Gozag.
  1193 | D:2      | Reached skill level 6 in Axes
  1265 | D:2      | Reached XP level 5. HP: 44/45 MP: 4/4
  1430 | D:2      | Reached skill level 7 in Axes
  1733 | D:3      | Found a radiant altar of Vehumet.
  2402 | D:4      | Reached XP level 6. HP: 50/52 MP: 5/5
  2414 | D:4      | Noticed Labyrinth's ghost (amateur MfTm)
  2632 | D:4      | Reached skill level 1 in Dodging
  2642 | D:4      | Killed Labyrinth's ghost
  2913 | D:4      | Noticed Sigmund
  2927 | D:4      | Killed Sigmund
  2927 | D:4      | Reached XP level 7. HP: 60/60 MP: 6/6
  2970 | D:4      | Found Xosu's Armour Emporium.
  3031 | D:4      | Noticed Ijyb
  3037 | D:4      | Killed Ijyb
  3187 | D:4      | Found Ginled's Assorted Antiques.
  3376 | D:4      | Found a staircase to the Ecumenical Temple.
  3388 | Temple   | Entered the Ecumenical Temple
  3452 | Temple   | Became a worshipper of Makhleb the Destroyer
  3524 | D:4      | Found Ihayps's Armour Shop.
  3536 | D:4      | Found Acuyr's General Store.
  3539 | D:4      | Bought a scroll of teleportation for 33 gold pieces
  3790 | D:5      | Entered Level 5 of the Dungeon
  3794 | D:5      | Reached skill level 8 in Axes
  3830 | D:5      | Found a deep blue altar of Sif Muna.
  3852 | D:5      | Reached skill level 5 in Fighting
  3852 | D:5      | Reached skill level 5 in Armour
  3852 | D:5      | Reached skill level 5 in Shields
  3884 | D:5      | Noticed Rwicked's ghost (novice GrEE)
  3910 | D:5      | Killed Rwicked's ghost
  3910 | D:5      | Reached skill level 1 in Invocations
  3910 | D:5      | Reached skill level 1 in Evocations
  3910 | D:5      | Reached XP level 8. HP: 31/68 MP: 6/8
  4103 | D:5      | Got a scorched dagger
  4260 | D:5      | Found a shimmering altar of Xom.
  4260 | D:5      | Found a shadowy altar of Dithmenos.
  4260 | D:5      | Found a snail-covered altar of Cheibriados.
  4930 | D:6      | Found a transporter.
  5569 | D:6      | Found a transporter.
  5587 | D:6      | Noticed wojtek's ghost (novice MiFi)
  5602 | D:6      | Killed wojtek's ghost
  5631 | D:6      | Reached * piety under Makhleb
  5631 | D:6      | Reached XP level 9. HP: 11/75 MP: 10/10
  6078 | D:6      | Noticed a two-headed ogre
  6087 | D:6      | Killed a two-headed ogre
  6088 | D:6      | Found Kuqil's Food Shoppe.
  6088 | D:6      | Found Aloedag's Food Shop.
  6369 | D:6      | Found Zatofeuj's Weapon Shop.
  6387 | D:6      | Got a distressingly furry ring mail
  6412 | D:6      | Found a shattered altar of Ashenzari.
  6462 | D:6      | Noticed Edmund
  6474 | D:6      | Killed Edmund
  6474 | D:6      | Reached skill level 9 in Axes
  6564 | D:6      | Found a radiant altar of Vehumet.
  6770 | D:6      | Reached skill level 5 in Invocations
  6967 | D:7      | Noticed Pikel
  7030 | D:7      | Killed Pikel
  7030 | D:7      | Reached skill level 5 in Dodging
  7254 | D:7      | Noticed Joseph
  7266 | D:7      | Noticed Ymberto's ghost (novice HuHu)
  7270 | D:7      | Killed Joseph
  7270 | D:7      | Reached XP level 10. HP: 76/86 MP: 13/13
  7289 | D:7      | Killed Ymberto's ghost
  8217 | D:8      | Noticed a two-headed ogre
  8224 | D:8      | Killed a two-headed ogre
  8233 | D:8      | Identified Axeyghehie's Compendium of Cankerous Necromancy
  8291 | D:8      | Reached ** piety under Makhleb
  8537 | D:8      | Noticed a two-headed ogre
  8544 | D:8      | Killed a two-headed ogre
  8808 | D:8      | Reached skill level 10 in Axes
  8822 | D:8      | Got a heavily runed lead ring
  8847 | D:8      | Identified the ring of Rulay {rCorr rF+} (You found it on level 8 of the Dungeon)
  9706 | D:9      | Reached XP level 11. HP: 91/94 MP: 15/15
  9869 | D:9      | Found a basalt altar of Yredelemnul.
  9917 | D:9      | Found an iron altar of Okawaru.
 10007 | D:9      | Found a sacrificial altar of Ru.
 10044 | D:9      | Noticed a centaur warrior
 10057 | D:9      | Killed a centaur warrior
 10057 | D:9      | Reached *** piety under Makhleb
 10092 | D:9      | Found a shadowy altar of Dithmenos.
 10196 | D:9      | Noticed a two-headed ogre
 10208 | D:9      | Killed a two-headed ogre
 10315 | D:9      | Noticed a two-headed ogre
 10324 | D:9      | Killed a two-headed ogre
 10324 | D:9      | Reached skill level 5 in Evocations
 10446 | D:9      | Found a hide-covered altar of Uskayaw.
 10828 | D:10     | Entered Level 10 of the Dungeon
 10869 | D:10     | Found Pofu's Armour Shop.
 11389 | D:10     | Reached **** piety under Makhleb
 11554 | D:10     | Found a blossoming altar of Fedhas.
 12672 | D:11     | HP: 1/97 [manticore/volley of spikes (18)]
 12686 | D:11     | Reached XP level 12. HP: 27/104 MP: 17/17
 13098 | D:12     | Noticed Psyche
 13115 | D:11     | Found a staircase to the Lair.
 13596 | D:11     | Found a transporter.
 14187 | D:11     | Found a staircase to the Orcish Mines.
 14278 | D:11     | Reached skill level 11 in Axes
 14690 | D:12     | Found Ocyfuargh's Assorted Antiques.
 15166 | D:10     | Identified the cursed +1 ring mail of Valour {+Blink MR+++ Int-4 Dex+2} (You found it on level 6 of the Dungeon)
 15198 | D:12     | Killed Psyche
 15363 | D:12     | Reached ***** piety under Makhleb
 15534 | D:12     | Reached skill level 10 in Invocations
 15587 | D:12     | Noticed Josephine
 15591 | D:12     | Noticed an eight-headed hydra
 15591 | D:12     | Noticed a tengu warrior
 15594 | D:12     | Noticed a tengu warrior
 15599 | D:12     | Gained mutation: Your spells are a little easier to cast, but a little less powerful. [potion of mutation]
 15599 | D:12     | Gained mutation: You are frail. (-10% HP) [potion of mutation]
 15599 | D:12     | Gained mutation: Your muscles are strong. (Str +2) [potion of mutation]
 15599 | D:12     | HP: 2/95 [eight-headed hydra (8)]
 15599 | D:12     | Slain by an eight-headed hydra

Skill      XL: |  1  2  3  4  5  6  7  8  9 10 11 12 |
---------------+-------------------------------------+-----
Axes           | 3 4 5 6 7 8 9 10 11 | 11.3
Fighting       | 4 5 6 7 8 9 |  9.7
Armour         | 4 5 6 7 8 9 |  9.7
Dodging        | 2 3 4 5 6 7 8 |  8.2
Shields        | 4 5 6 7 9 |  9.6
Invocations    | 1 3 5 7 9 10 | 10.1
Evocations     | 1 2 3 4 5 6 |  6.2

Action                   |  1- 3 |  4- 6 |  7- 9 | 10-12 || total
-------------------------+-------+-------+-------+-------++-------
Melee: War axe           |    58 |   183 |   281 |   747 ||  1269
       Headbutt          |     7 |    32 |    45 |   159 ||   243
Invok: Lesser Servant of |       |       |       |     2 ||     2
Evoke: Wand              |       |       |     5 |    33 ||    38
  Use: Scroll            |       |       |       |     6 ||     6
       Potion            |       |       |       |     2 ||     2
 Stab: Paralysed         |       |       |       |    20 ||    20
       Invisible         |       |       |       |     1 ||     1
  Eat: Chunk             |       |     7 |     7 |    23 ||    37
       Ration            |       |       |     2 |     2 ||     4
Armor: Scale mail        |    19 |       |       |       ||    19
       Chain mail        |    17 |    83 |   163 |   260 ||   523
       Plate armour      |       |       |       |    62 ||    62
Dodge: Dodged            |    10 |    41 |    79 |   275 ||   405
Block: Shield            |    28 |    97 |   138 |   488 ||   751
